 Dungeon Crawl Stone Soup version 0.24.1-4-ge52af88ad5 (webtiles) character file.

Game seed: 9091299886746171275, levelgen mode: deterministic

679 lepoulpe303 the Grave Robber (level 7, 0/55 HPs)
             Began as a Deep Dwarf Necromancer on Apr 19, 2020.
             Was an Initiate of Makhleb.
             Slain by a slave (7 damage)
             ... led by Pikel
             ... on level 4 of the Dungeon.
             The game lasted 00:25:26 (5170 turns).

lepoulpe303 the Grave Robber (DDNe)                 Turns: 5170, Time: 00:25:27

Health: 0/55       AC:  3    Str: 12    XL:     7   Next: 34%
Magic:  12/12      EV: 13    Int: 17    God:    Makhleb [......]
Gold:   182        SH:  6    Dex: 13    Spells: 4/13 levels left

rFire    . . .     SeeInvis .   b - +1 hand axe
rCold    . . .     Gourm    .   r - +2 buckler
rNeg     . . .     Faith    .   a - +0 robe
rPois    .         Spirit   .   (no helmet)
rElec    .         Reflect  .   (no cloak)
rCorr    .         Harm     .   (no gloves)
MR       +....                  c - +0 pair of boots
Stlth    +++.......             (no amulet)
HPRegen  0.00/turn              (no ring)
MPRegen  0.13/turn              (no ring)

@: non-regenerating
A: damage resistance, heal wounds, sense surroundings 1, no regeneration
a: Heal Wounds, Renounce Religion


You were on level 4 of the Dungeon.
You worshipped Makhleb.
Makhleb was noncommittal.
You were not hungry.

You visited 1 branch of the dungeon, and saw 5 of its levels.

You collected 182 gold pieces.

Inventory:

Hand Weapons
 b - a +1 hand axe (weapon)
Missiles
 o - 30 poisoned darts (quivered)
Armour
 a - a +0 robe (worn)
 c - a +0 pair of boots (worn)
 r - a +2 buckler (worn)
Jewellery
 l - an uncursed ring of fire {rF+, rC-}
Wands
 g - a wand of clouds (7)
 u - a wand of paralysis (7)
 y - a wand of scattershot (4)
Scrolls
 d - a scroll of noise {unknown}
 f - a scroll of immolation {unknown}
 i - 9 scrolls of identify
 j - 2 scrolls of magic mapping {!r}
 m - a scroll of enchant weapon
 n - a scroll of amnesia
 t - a scroll of fog {unknown}
 w - 2 scrolls of remove curse
Potions
 h - 3 potions of curing {unknown}
 k - a potion of mutation {unknown}
 p - a potion of invisibility {unknown}
 s - a potion of lignification {unknown}
 v - 2 potions of might {unknown}
 x - a potion of haste {unknown}
Comestibles
 e - 4 rations
 q - 3 chunks of flesh


   Skills:
 + Level 2.6 Axes
 + Level 3.7 Dodging
 + Level 4.3 Stealth
 + Level 2.2 Shields
 * Level 3.8 Spellcasting
 * Level 6.3 Necromancy
 + Level 1.1 Invocations


You had 4 spell levels left.
You knew the following spells:

 Your Spells              Type           Power        Failure   Level  Hunger
a - Pain                  Necr           ###.         1%          1    None
b - Animate Dead          Necr           N/A          14%         4    ####...
x - Vampiric Draining     Necr           ###.......   4%          3    ###....
A - Animate Skeleton      Necr           N/A          1%          1    None

Your spell library contained the following spells:

 Spells                   Type           Power        Failure   Level  Hunger
 Regeneration             Chrm/Necr      Unusable     N/A         3    N/A

Dungeon Overview and Level Annotations

Branches:
Dungeon (5/15)             Temple (0/1) D:4

Altars:
Makhleb
Ru
Wu Jian

Annotations:
D:3 3 runed translucent doors, Rastanax's ghost, amateur GrFi
D:4 2 runed translucent doors, Pikel; VLARC's ghost, amateur VSNe


Innate Abilities, Weirdness & Mutations

You are resistant to damage.
You can heal yourself by infusing magical energy.
You passively map a small area around you.
You do not regenerate.


Message History

As you read the scroll labeled ILEDA ENUW, it crumbles to dust.
You feel momentarily disoriented.
It was a scroll of magic mapping.
The slave barely misses you. The slave completely misses you.
As you read the scroll labeled AGITIS CEDER, it crumbles to dust.
It is a scroll of amnesia.
Really abort (and waste the scroll)? [Y]es or [N]o only, please.
Really abort (and waste the scroll)? [Y]es or [N]o only, please.
Really abort (and waste the scroll)?
Okay, then.
Pikel hits you with a +0 whip of flaming.
* * * LOW HITPOINT WARNING * * *
Pikel burns you. You block the slave's attack.
You take 1 damage, and have 7/55 hp.
As you read the scroll labeled UMOMOK TYROULE, it crumbles to dust.
It is a scroll of enchant weapon.
Your +0 hand axe glows red for a moment.
Pikel closely misses you. You block the slave's attack. The slave hits you!
You die...

###....### #
#........###
##.....[..#.
##....##... ######
##.......#
##.##.#####.......
##..#.....##.......
#.pp.............##
##@K..............#
##p...........####
##.#...........##
####...........#
##..........#
###.........#
##.##......##.
##..........##.
#......##......


You could see Pikel and 3 slaves.

Levels and vault maps discovered:
D:1:      psy_arrival_radial01, layout_loops_ring, serial_forest,
          infiniplex_forest_clump_medium, infiniplex_forest_pool,
          infiniplex_forest_clump_diagonal, infiniplex_forest_clump_curved,
          infiniplex_forest_straight_2, infiniplex_forest_straight_2,
          infiniplex_forest_clump_curved, infiniplex_forest_end_3,
          infiniplex_forest_clump_large, nrook_loot_triangle,
          minmay_misc_feat_iff, kennysheep_decorative_pillar, minmay_distorted
D:2:      layout_basic, gammafunk_temple_overflow_elements
D:3:      kennysheep_slugbush, layout_basic, first_ration, gammafunk_ghost_icy,
          uniq_crazy_yiuf_cottage
D:4:      layout_cave_pools, makhleb_altar_promises_db,
          minmay_temple_entry_sparse_star, ebering_ghost_disaster_area
D:5:      cheibrodos_barr_body, layout_loops_ring, uniq_pikel

Notes
Turn   | Place    | Note
-------+----------+-------------------------------------------
     0 | D:1      | lepoulpe303 the Deep Dwarf Necromancer began the quest for
                  | the Orb.
     0 | D:1      | Reached XP level 1. HP: 15/15 MP: 3/3
    22 | D:1      | Identified a +0 club
   118 | D:1      | Reached skill level 2 in Spellcasting
   147 | D:1      | Identified a +0 hand axe (You found it on level 1 of the
                  | Dungeon)
   151 | D:1      | Reached XP level 2. HP: 22/22 MP: 3/5
   158 | D:1      | Learned a level 1 spell: Animate Skeleton
   247 | D:1      | Identified a +0 club
   546 | D:1      | Identified a +0 club
   615 | D:1      | Reached XP level 3. HP: 16/28 MP: 2/6
   620 | D:1      | Learned a level 3 spell: Vampiric Draining
   696 | D:1      | Identified a cursed +0 dagger
   758 | D:1      | Identified a +0 club
  1244 | D:2      | Identified a +0 pair of boots (You found it on level 2 of
                  | the Dungeon)
  1474 | D:2      | Identified a +0 club
  1503 | D:2      | Identified a +0 dagger
  1585 | D:2      | Identified a +0 club
  2007 | D:2      | Found an ornate altar of the Wu Jian Council.
  2007 | D:2      | Found a sacrificial altar of Ru.
  2236 | D:3      | Identified a +0 club
  2355 | D:3      | Identified 4 scrolls of identify
  2355 | D:3      | Identified a ring of fire (You found it on level 2 of the
                  | Dungeon)
  2462 | D:3      | Identified a +0 club
  2462 | D:3      | Identified a +0 short sword
  2469 | D:3      | Identified a +0 leather armour
  2495 | D:3      | Reached skill level 3 in Stealth
  2495 | D:3      | Reached skill level 5 in Necromancy
  2581 | D:3      | Identified a +0 short sword
  2603 | D:3      | Reached XP level 4. HP: 31/36 MP: 3/7
  2649 | D:3      | Identified a +2 buckler (You found it on level 3 of the
                  | Dungeon)
  2661 | D:3      | Found a runed translucent gate.
  2661 | D:3      | Found a runed translucent gate.
  2661 | D:3      | Found a runed translucent gate.
  2665 | D:3      | Identified a cursed -1 short sword
  2679 | D:3      | Reached skill level 1 in Axes
  2712 | D:3      | Identified a +0 short sword
  2906 | D:3      | Identified a +0 short sword
  2925 | D:3      | Identified a +0 club
  2967 | D:3      | Identified a +0 spear
  2967 | D:3      | Identified a +0 shortbow
  3068 | D:3      | Identified a +3 dagger
  3510 | D:3      | Identified a +0 whip
  3531 | D:3      | Noticed Rastanax's ghost (amateur GrFi)
  3817 | D:4      | Identified a +0 giant club
  3817 | D:4      | Noticed an ogre
  3833 | D:3      | Reached skill level 3 in Spellcasting
  3833 | D:3      | Reached XP level 5. HP: 23/42 MP: 0/9
  4012 | D:3      | Learned a level 4 spell: Animate Dead
  4053 | D:4      | Identified a +0 giant spiked club
  4053 | D:4      | Noticed an ogre
  4064 | D:4      | Killed an ogre
  4064 | D:4      | Reached skill level 3 in Dodging
  4064 | D:4      | Reached skill level 1 in Shields
  4138 | D:4      | Killed an ogre
  4138 | D:4      | Reached skill level 2 in Axes
  4138 | D:4      | Reached XP level 6. HP: 20/49 MP: 0/11
  4422 | D:4      | Reached skill level 4 in Stealth
  4422 | D:4      | Reached skill level 6 in Necromancy
  4533 | D:4      | Found a burning altar of Makhleb.
  4533 | D:4      | Noticed a green death
  4539 | D:4      | Noticed a neqoxec
  4539 | D:4      | Noticed a neqoxec
  4541 | D:4      | Became a worshipper of Makhleb the Destroyer
  4558 | D:4      | Identified a +0 flail
  4666 | D:4      | Found a large runed translucent door.
  4808 | D:4      | Found a large runed translucent door.
  4809 | D:4      | Noticed VLARC's ghost (amateur VSNe)
  4833 | D:4      | Reached skill level 2 in Shields
  4833 | D:4      | Reached XP level 7. HP: 55/55 MP: 9/12
  4846 | D:4      | Found a staircase to the Ecumenical Temple.
  4847 | D:4      | Identified a +0 giant spiked club
  4866 | D:4      | Reached skill level 1 in Invocations
  4919 | D:4      | HP: 13/55 [phantom (6)]
  5163 | D:5      | Entered Level 5 of the Dungeon
  5163 | D:5      | Identified a +0 whip of flaming
  5163 | D:5      | Identified a +0 robe
  5163 | D:5      | Noticed Pikel
  5164 | D:5      | HP: 10/55 [slave[Pikel] (5)]
  5167 | D:4      | Identified 3 scrolls of remove curse
  5168 | D:4      | Identified 3 scrolls of magic mapping
  5169 | D:4      | Identified 2 scrolls of amnesia
  5169 | D:4      | HP: 7/55 [Pikel/+0 whip of flaming (1)]
  5170 | D:4      | Identified 2 scrolls of enchant weapon
  5170 | D:4      | Slain by a slave

Table legend:
 A = Turns spent in this place as a percentage of turns spent in the entire game.
 B = Non-inter-level travel turns spent in this place as a percentage of non-inter-level travel turns spent in the entire game.
 C = Inter-level travel turns spent in this place as a percentage of turns spent in this place.
 D = Turns resting spent in this place as a percentage of non-inter-level travel turns spent in this place.
 E = Turns spent auto-exploring this place as a percentage of non-inter-level travel turns spent in this place.
 F = Non-inter-level travel turns spent in this place divided by the number of levels of this place that you've seen.
                   A       B       C       D       E      F
               +-------+-------+-------+-------+-------+----------------------
         Total | 100.0 | 100.0 |   5.7 |  25.4 |  51.4 | 974.8
       Dungeon | 100.0 | 100.0 |   5.7 |  25.4 |  51.4 | 974.8
               +-------+-------+-------+-------+-------+----------------------

Table legend:
 A = Kills in this place as a percentage of kills in entire the game.
 B = Kills by you in this place as a percentage of kills by you in the entire game.
 C = Kills by friends in this place as a percentage of kills by friends in the entire game.
 D = Other kills in this place as a percentage of other kills in the entire game.
 E = Experience gained in this place as a percentage of experience gained in the entire game.
 F = Experience gained in this place divided by the number of levels of this place that you have seen.
                   A       B       C       D       E      F
               +-------+-------+-------+-------+-------+----------------------
         Total | 100.0 | 100.0 | 100.0 |   N/A | 100.0 | 194.2
       Dungeon | 100.0 | 100.0 | 100.0 |   N/A | 100.0 | 194.2
               +-------+-------+-------+-------+-------+----------------------

Skill      XL: |  1  2  3  4  5  6  7 |
---------------+----------------------+-----
Spellcasting   | 2 3 |  3.8
Stealth        | 3 4 |  4.3
Necromancy     | 5 6 |  6.3
Axes           | 1 2 |  2.6
Dodging        | 3 |  3.7
Shields        | 1 2 |  2.2
Invocations    | 1 |  1.1

Action                   |  1- 3 |  4- 6 |  7- 9 || total
-------------------------+-------+-------+-------++-------
Melee: Hand axe          |    75 |    78 |    15 ||   168
Throw: Dart              |       |     5 |       ||     5
 Cast: Pain              |    30 |    26 |     3 ||    59
       Animate Skeleton  |     8 |     1 |       ||     9
       Vampiric Draining |    15 |    37 |     2 ||    54
       Animate Dead      |       |       |     1 ||     1
  Use: Scroll            |     1 |     1 |     4 ||     6
 Stab: Sleeping          |     2 |       |       ||     2
  Eat: Chunk             |     4 |     8 |     1 ||    13
       Ration            |     1 |     1 |       ||     2
Armor: Robe              |    15 |    21 |       ||    36
Dodge: Dodged            |    66 |    79 |    12 ||   157
Block: Buckler           |       |     5 |     7 ||    12

Vanquished Creatures
  3 ogres (D:4)
  A scorpion (D:3)
  A howler monkey (D:4)
  A hound (D:4)
  4 worker ants (D:4)
  2 adders
  2 oozes
  A worm (D:3)
  11 dart slugs
  3 leopard geckos
  4 orcs
  4 ball pythons
  3 giant cockroaches
  7 hobgoblins
  7 kobolds
  A quokka (D:3)
  7 bats
  4 frilled lizards
  4 goblins
  9 rats
79 creatures vanquished.

Vanquished Creatures (collateral kills)
  A phantom (D:4)
  A hound (D:4)
  An adder (D:3)
  3 dart slugs
  A giant cockroach (D:1)
  A kobold (D:3)
8 creatures vanquished.

Vanquished Creatures (others)
  A plant (D:1)
1 creature vanquished.

Grand Total: 88 creatures vanquished
